AoeStats
← lukas.hajek105

Arabia

509987499Analyzed
1v1 RM · 3d ago on Sep 28, 2026· 55m 42s· 2 players
Game mode
Random Map
Map size
Tiny (2 player)
Population
200
Speed
Normal
Resources
Standard
Victory
Conquest
Starting age
Dark Age
Ending age
Imperial Age
RankedLock teamsTeams togetherTeam positionsShared explorationLock speedFull tech treeHidden civsTurbo modeCheats
Victory
Defeat
🇨🇿 Vikings · Czechia
682
+15
🇺🇸 Vietnamese · United States
661
-15
Igneous
8:54 Loom
11:08 Feudal Age
12:22 Double-Bit Axe
12:20 Horse Collar
13:55 Wheelbarrow
13:16 Gold Mining
17:31 Fletching
18:49 Padded Archer Armor
22:03 Castle Age
21:24 Scale Barding Armor
21:33 Forging
22:14 Bloodlines
23:12 Bow Saw
23:02 Heavy Plow
26:13 Hand Cart
25:31 Elite Skirmisher
25:33 Crossbowman
27:13 Bodkin Arrow
37:42 Light Cavalry
40:53 Chain Barding Armor
41:15 Iron Casting
42:47 Leather Archer Armor
42:41 Thumb Ring
43:59 Husbandry
44:20 Stone Mining
50:24 Imperial Age
49:23 Ballistics
48:48 Treadmill Crane
lukas.hajek105
8:20 Loom
10:45 Feudal Age
11:29 Double-Bit Axe
13:35 Horse Collar
19:44 Castle Age
22:31 Forging
22:29 Scale Barding Armor
26:25 Bow Saw
26:54 Heavy Plow
30:23 Pikeman
34:03 Scale Mail Armor
34:38 Iron Casting
34:07 Fletching
47:31 Imperial Age
46:12 Gold Mining
46:46 Squires
46:32 Arson
47:11 Chain Mail Armor
48:45 Gold Shaft Mining
49:13 Two-Man Saw
49:01 Elite Varangian Guard
53:06 Chieftains
53:08 Bogsveigar
56:21 Hoardings
Connection lost

Rejoining the realm…

Still unreachable

The connection could not be restored.

Session expired

The server has moved on; the page needs a fresh start.